 Dungeon Crawl Stone Soup version 0.29.0-4-gdea44cf6ec (webtiles) character file.

Game seed: 9474028936779084089

385 qw the Chopper (level 6, -4/38 HPs)
             Began as a Gargoyle Delver on Sept 10, 2022.
             Was an Initiate of Okawaru.
             Slain by an ogre
             ... wielding a +0 giant club
              (16 damage)
             ... on level 4 of the Dungeon.
             The game lasted 00:01:49 (4476 turns).

qw the Chopper (Gargoyle Delver)                    Turns: 4476, Time: 00:01:50

Health: -4/38      AC:  9    Str: 23    XL:     6   Next: 77%
Magic:  6/6        EV: 11    Int: 11    God:    Okawaru [......]
Gold:   213        SH:  0    Dex: 11    Spells: 5/5 levels left

rFire   . . .      SeeInvis +   Y - +0 hand axe
rCold   . . .      Faith    .   (no shield)
rNeg    + . .      Spirit   .   e - +0 ring mail
rPois   inf        Reflect  .   (no helmet)
rElec   +          Harm     .   (no cloak)
rCorr   .          Rampage  .   (no gloves)
Will    .....                   (no boots)
Stlth   ++........              (no amulet)
HPRegen 0.12/turn               l - +6 ring of strength
MPRegen 0.10/turn               b - ring of see invisible

@: no status effects
A: sickness immunity, AC +4, negative energy resistance 1, electricity
resistance, torment resistance 1, petrification resistance
a: Renounce Religion


You were on level 4 of the Dungeon.
You worshipped Okawaru.
Okawaru was noncommittal.
You visited 1 branch of the dungeon, and saw 5 of its levels.

You collected 213 gold pieces.


Innate Abilities, Weirdness & Mutations

You are immune to sickness and miasma.
Your stone body is resilient. (AC +4)
You are immune to poison.
You resist negative energy. (rN+)
You are resistant to electric shocks. (rElec)
You are resistant to unholy torment.
You are immune to petrification.


   Skills:
 - Level 4.2 Fighting
 + Level 5.8 Axes
 - Level 1.0 Armour
 - Level 1.5 Dodging
 - Level 5.4 Stealth
 - Level 0.2 Invocations


You had 5 spell levels left.
You didn't know any spells.
Your spell library was empty.

Inventory:

Hand Weapons
 i - a +0 mace
 Y - a +0 hand axe (weapon)
Armour
 e - a +0 ring mail (worn)
Jewellery
 b - a ring of see invisible (right hand)
 l - a +6 ring of strength (left hand)
Wands
 g - a wand of digging (3)
Potions
 d - a potion of might {unknown}
 f - 2 potions of haste
 h - a potion of degeneration {unknown}
 k - a potion of curing
 m - a potion of brilliance {unknown}

Dungeon Overview and Level Annotations

Branches:
Dungeon (5/15)
 Temple: D:4-7

Altars:
Okawaru


Message History

The adder is severely wounded.
The adder bites you but does no damage. x2
You hit the adder.
The adder is almost dead.
The adder barely misses you.
You hit the adder.
You kill the adder!
Okawaru accepts your kill.
You start resting.
An ogre comes into view. It is wielding a +0 giant club.
4435 ||| Stepping ~*~*~tactically~*~*~ (stealth).
You start resting.
HP restored.
You can no longer gain great but temporary skills.
Found a stone staircase leading down.
4458 ||| Stepping ~*~*~tactically~*~*~ (stealth).
Found a scroll labelled WAMUIS MYOSU.
Found a robe.
4460 ||| Stepping ~*~*~tactically~*~*~ (stealth).
4463 ||| Stepping ~*~*~tactically~*~*~ (stealth).
4465 ||| Stepping ~*~*~tactically~*~*~ (stealth).
4466 ||| Stepping ~*~*~tactically~*~*~ (stealth).
The ogre shouts!
You hit the ogre but do no damage.
The ogre hits you with a +0 giant club!!
Ouch! That really hurt!
You hit the ogre.
The ogre is lightly wounded.
You barely miss the ogre.
The ogre is lightly wounded.
The ogre completely misses you.
You barely miss the ogre.
The ogre is lightly wounded.
The ogre barely misses you.
You barely miss the ogre.
The ogre is lightly wounded.
You slash the ogre!
The ogre is moderately wounded.
The ogre hits you with a +0 giant club!
You die...

........#....#
.............###
..#...........#.###
#...............#.
..........#.##......
...............#...
##..)...#....>.....
#.....O#.......#.
......[@.......# .
.................
.................
.................
............#..#
.......?...###.#
....[....### ..
....###.##


You could see an ogre.

Vanquished Creatures
  An ogre (D:4)
  A necrophage (D:4)
  A scorpion (D:4)
  2 iguanas (D:4)
  4 adders
  2 worms (D:3)
  2 dart slugs (D:1)
  2 orcs (D:4)
  4 endoplasms
  3 giant cockroaches
  7 goblins
  12 hobgoblins
  8 jackals
  4 quokkas
  7 ball pythons
  4 bats
  4 frilled lizards
  5 kobolds
  4 rats
77 creatures vanquished.

Notes
Turn   | Place    | Note
-------+----------+-------------------------------------------
     0 | D:5      | qw the Gargoyle Delver began the quest for the Orb.
     0 | D:5      | Reached XP level 1. HP: 14/14 MP: 1/1
     0 | D:5      | 0 ||| qw: Version: 0.1-a-117-gfe26ee0
     0 | D:5      | 0 ||| qw: Game counter: 9712
     0 | D:5      | 0 ||| qw: Always use a shield: true
     0 | D:5      | 0 ||| qw: God list: Okawaru
     0 | D:5      | 0 ||| qw: Allow faded altars: false
     0 | D:5      | 0 ||| qw: Do Orc after D:15 true
     0 | D:5      | 0 ||| qw: Do second Lair branch before Depths: true
     0 | D:5      | 0 ||| qw: Lair rune preference: random
     0 | D:5      | 0 ||| qw: Plans: Normal
     0 | D:5      | 0 ||| PLANNING D:1-11
     0 | D:5      | 0 ||| DROPPING scroll of fog.
     1 | D:5      | 1 ||| DROPPING scroll of magic mapping.
     2 | D:5      | 2 ||| DROPPING scroll of fear.
    90 | D:3      | 90 ||| Stepping ~*~*~tactically~*~*~ (stealth).
    92 | D:3      | 92 ||| Stepping ~*~*~tactically~*~*~ (stealth).
   138 | D:3      | Reached XP level 2. HP: 17/19 MP: 2/2
   180 | D:3      | 180 ||| Stepping ~*~*~tactically~*~*~ (stealth).
   412 | D:3      | 412 ||| DROPPING +0 club.
   532 | D:3      | 532 ||| FLEEEEING.
   533 | D:3      | 533 ||| FLEEEEING.
   534 | D:3      | 534 ||| FLEEEEING.
   535 | D:3      | 535 ||| STAIRDANCE
   540 | D:2      | Found a faded altar of an unknown god.
   683 | D:2      | 683 ||| Stepping ~*~*~tactically~*~*~ (stealth).
   684 | D:2      | 684 ||| Stepping ~*~*~tactically~*~*~ (stealth).
   700 | D:2      | Reached skill level 3 in Axes
   710 | D:2      | Reached XP level 3. HP: 23/23 MP: 3/3
  1011 | D:2      | 1011 ||| Stepping ~*~*~tactically~*~*~ (stealth).
  1084 | D:2      | 1084 ||| UPGRADING to +0 ring mail.
  1094 | D:2      | 1094 ||| DROPPING +0 leather armour.
  1095 | D:2      | 1095 ||| UPGRADING to +6 ring of strength.
  1096 | D:2      | 1096 ||| READING 2 scrolls labelled KUSHRU XOIMOUSI.
  1099 | D:2      | 1099 ||| DRINKING 2 grey potions.
  1349 | D:1      | 1349 ||| Stepping ~*~*~tactically~*~*~ (stealth).
  1351 | D:1      | 1351 ||| Stepping ~*~*~tactically~*~*~ (stealth).
  1485 | D:1      | 1485 ||| Stepping ~*~*~tactically~*~*~ (stealth).
  1570 | D:1      | Reached XP level 4. HP: 28/28 MP: 4/4
  1571 | D:1      | 1571 ||| Stepping ~*~*~tactically~*~*~ (stealth).
  1573 | D:1      | 1573 ||| Stepping ~*~*~tactically~*~*~ (hiding).
  2030 | D:1      | 2030 ||| Stepping ~*~*~tactically~*~*~ (hiding).
  2132 | D:1      | 2132 ||| Stepping ~*~*~tactically~*~*~ (hiding).
  2234 | D:1      | 2234 ||| Stepping ~*~*~tactically~*~*~ (hiding).
  2237 | D:1      | 2237 ||| Stepping ~*~*~tactically~*~*~ (hiding).
  2496 | D:1      | 2496 ||| UPGRADING to ring of see invisible.
  2497 | D:1      | 2497 ||| READING scroll labelled IXAGELURAT.
  2498 | D:1      | 2498 ||| DRINKING 2 viscous cyan potions.
  2499 | D:1      | 2499 ||| DRINKING 2 cyan potions.
  2500 | D:1      | 2500 ||| DROPPING potion of attraction.
  2720 | D:2      | 2720 ||| Stepping ~*~*~tactically~*~*~ (stealth).
  2721 | D:2      | 2721 ||| Stepping ~*~*~tactically~*~*~ (stealth).
  2724 | D:2      | Reached skill level 1 in Armour
  2726 | D:2      | 2726 ||| Stepping ~*~*~tactically~*~*~ (stealth).
  2727 | D:2      | 2727 ||| Stepping ~*~*~tactically~*~*~ (stealth).
  2729 | D:2      | 2729 ||| Stepping ~*~*~tactically~*~*~ (stealth).
  2733 | D:2      | 2733 ||| Stepping ~*~*~tactically~*~*~ (stealth).
  2734 | D:2      | 2734 ||| Stepping ~*~*~tactically~*~*~ (stealth).
  3043 | D:2      | 3043 ||| READING scroll labelled XIDDANE LUAPT.
  3252 | D:3      | Found an iron altar of Okawaru.
  3631 | D:3      | Became a worshipper of Warmaster Okawaru
  3680 | D:4      | Noticed a scorpion
  3681 | D:4      | 3681 ||| Stepping ~*~*~tactically~*~*~ (stealth).
  3689 | D:4      | Reached XP level 5. HP: 25/32 MP: 5/5
  3693 | D:4      | 3693 ||| FLEEEEING.
  3694 | D:4      | 3694 ||| STAIRDANCE
  3768 | D:4      | 3768 ||| STAIRDANCE
  3936 | D:4      | 3936 ||| Stepping ~*~*~tactically~*~*~ (stealth).
  3937 | D:4      | 3937 ||| Stepping ~*~*~tactically~*~*~ (stealth).
  3950 | D:4      | 3950 ||| Stepping ~*~*~tactically~*~*~ (stealth).
  3957 | D:4      | 3957 ||| Stepping ~*~*~tactically~*~*~ (stealth).
  3962 | D:4      | Reached XP level 6. HP: 33/38 MP: 6/6
  4117 | D:4      | HP: 9/38 [orc/+0 mace (4)]
  4118 | D:4      | 4118 ||| READING scroll of teleportation.
  4119 | D:4      | 4119 ||| DRINKING potion of heal wounds.
  4120 | D:4      | Reached * piety under Okawaru
  4123 | D:4      | 4123 ||| STAIRDANCE
  4215 | D:4      | 4215 ||| INVOKING Heroism.
  4224 | D:4      | 4224 ||| Stepping ~*~*~tactically~*~*~ (stealth).
  4225 | D:4      | 4225 ||| INVOKING Heroism.
  4226 | D:4      | 4226 ||| Stepping ~*~*~tactically~*~*~ (stealth).
  4238 | D:4      | 4238 ||| INVOKING Heroism.
  4241 | D:4      | 4241 ||| FLEEEEING.
  4242 | D:4      | 4242 ||| FLEEEEING.
  4243 | D:4      | 4243 ||| STAIRDANCE
  4435 | D:4      | 4435 ||| Stepping ~*~*~tactically~*~*~ (stealth).
  4449 | D:4      | Found the +4 robe of Augmentation {Str+4 Int+4 Dex+4}
  4458 | D:4      | 4458 ||| Stepping ~*~*~tactically~*~*~ (stealth).
  4460 | D:4      | 4460 ||| Stepping ~*~*~tactically~*~*~ (stealth).
  4463 | D:4      | 4463 ||| Stepping ~*~*~tactically~*~*~ (stealth).
  4465 | D:4      | 4465 ||| Stepping ~*~*~tactically~*~*~ (stealth).
  4466 | D:4      | 4466 ||| Stepping ~*~*~tactically~*~*~ (stealth).
  4476 | D:4      | Slain by an ogre

Levels and vault maps discovered:
D:1:      dpeg_arrival_radiant, layout_basic
D:2:      layout_loops_corners, hellmonk_ecumenical_altar_heavens_door,
          minmay_misc_feat_columns
D:3:      layout_loops_ring, lemuel_round_altar, minmay_fountain_box
D:4:      layout_cave_pools
D:5:      kennysheep_windowed_halls, layout_rooms, mainiacjoe_overflow_alcove_1,
          uniq_blork_the_orc, uniq_prince_ribbit1

Skill      XL: |  1  2  3  4  5 |
---------------+----------------+-----
Axes           | 2 3 4 5 |  5.8
Armour         | 1 |  1.0
Fighting       | 4 |  4.2
Dodging        | |  1.5
Stealth        | |  5.4
Invocations    | |  0.2

Action                   |  1- 3 |  4- 6 || total
-------------------------+-------+-------++-------
Melee: Hand axe          |   108 |   158 ||   266
       Punch             |     1 |     4 ||     5
Throw: Boomerang         |    37 |       ||    37
Invok: Heroism           |       |     3 ||     3
  Use: Scroll            |     1 |     3 ||     4
       Potion            |     1 |     3 ||     4
 Stab: Sleeping          |     2 |     1 ||     3
Armor: Leather armour    |    27 |       ||    27
       Ring mail         |    18 |    56 ||    74
Dodge: Dodged            |    54 |    84 ||   138

Table legend:
 A = Non-vault XP
 B = Vault XP
 C = Vault XP percentage of total XP
 D = Non-vault monster count
 E = Vault monster count
 F = Vault count percentage of total count
                 A         B        C        D         E       F
            +---------+---------+-------+---------+---------+-------
      Total |     551 |       0 |   0.0 |      77 |       0 |   0.0
            +---------+---------+-------+---------+---------+-------
        D:1 |      52 |       0 |   0.0 |      27 |       0 |   0.0
        D:2 |      59 |       0 |   0.0 |      22 |       0 |   0.0
        D:3 |      31 |       0 |   0.0 |      15 |       0 |   0.0
        D:4 |     409 |       0 |   0.0 |      13 |       0 |   0.0
            +---------+---------+-------+---------+---------+-------
